 Dungeon Crawl Stone Soup version 0.30-a0-591-g3c58d2bc28 (webtiles) character file.

Game seed: 15831978099172632187

225 OTABOTABOTAB the Insei (level 6, -13/38 HPs)
             Began as an Octopode Transmuter on Jan 5, 2023.
             Mangled by a gnoll
             ... wielding a +0 halberd
              (15 damage)
             ... on level 4 of the Dungeon.
             The game lasted 00:07:18 (2712 turns).

OTABOTABOTAB the Insei (Octopode Transmuter)        Turns: 2712, Time: 00:07:19

Health: -13/38     AC:  1    Str:  9    XL:     6   Next: 1%
Magic:  6/9        EV: 13    Int: 17    God:
Gold:   179        SH:  0    Dex: 13    Spells: 3/9 levels left

rFire   . . .      SeeInvis +      - Unarmed
rCold   . . .      Faith    .    (no shield)
rNeg    . . .      Spirit   .    (helmet currently unavailable)
rPois   .          Reflect  .    (no amulet)
rElec   .          Harm     .    V - ring of see invisible {sInv, !d}
rCorr   .          Rampage  .    (no ring)
Will    .....                    (no ring)
Stlth   ++                       (no ring)
HPRegen 0.26/turn                (no ring)
MPRegen 0.11/turn                (no ring)
                                 (no ring)
                                 (no ring)

@: appendages, wereblooded, attractive
A: tentacle spike 3, almost no armour, amphibious, 8 rings, camouflage 1,
gelatinous body 1, (nimble swimmer 1), tentacles
a: End Transformation


You were on level 4 of the Dungeon.
One of your tentacles had grown a beastly spike.
You visited 1 branch of the dungeon, and saw 4 of its levels.

You collected 179 gold pieces.

Inventory:

Hand Weapons
 e - a +2 dagger of venom
   (You took it off a goblin on level 3 of the Dungeon)
Missiles
 j - 9 poisoned darts
 s - 20 stones
Armour
 c - an orb of mayhem
   (You found it on level 1 of the Dungeon)
 n - a +1 hat (melded)
   (You found it on level 3 of the Dungeon)
Jewellery
 V - a ring of see invisible (left tentacle) {sInv, !d}
   (You found it on level 2 of the Dungeon)
Scrolls
 a - 4 scrolls of identify {unknown}
 g - a scroll of poison {unknown}
 k - a scroll of blinking {unknown}
 l - a scroll of enchant armour {unknown}
 m - a scroll of enchant weapon {unknown}
 o - a scroll of noise {unknown}
Potions
 b - a potion of brilliance {unknown}
 d - a potion of cancellation {unknown}
 f - 2 potions of berserk rage {unknown}
 h - a potion of attraction {!q}
 i - a potion of haste {unknown}
 P - a potion of lignification {!q}


   Skills:
 + Level 1.4 Fighting
 + Level 2.3 Dodging
 * Level 4.4 Unarmed Combat
 - Level 2.0 Spellcasting
 * Level 3.8 Transmutations
 - Level 3.0 Poison Magic


You had 3 spell levels left.
You knew the following spells:

 Your Spells              Type           Power      Damage    Failure   Level
a - Beastly Appendage     Tmut           28%        N/A       4%          1
b - Wereblood             Tmut           14%        N/A       6%          2
c - Spider Form           Tmut/Pois      13%        N/A       14%         3

Your spell library contained the following spells:

 Spells                   Type           Power      Damage    Failure   Level
 Ice Form                 Ice/Tmut       8%         N/A       65%         4


Dungeon Overview and Level Annotations

Branches:
Dungeon (4/15)
 Temple: D:4-7

Altars:
Okawaru


Innate Abilities, Weirdness & Mutations

One of your tentacles has grown a beastly spike.
You cannot wear most types of armour.
You are amphibious.
You can wear up to eight rings at the same time.
Your skin changes colour to match your surroundings (Stealth+).
Your rubbery body absorbs attacks. (AC +1, EV +1)
((You are camouflaged when in or above water. (Stealth+)))
You have tentacles for arms and can constrict up to eight enemies at once.


Message History

Your transformation has ended.
Your +1 hat unmelds from your body.
You kill the jackal!
Unknown command.
You tentacle-slap the jackal but do no damage.
Your grab misses the jackal. Your squeeze misses the jackal.
The jackal completely misses you.
You barely miss the jackal. Your grab misses the jackal.
Your squeeze misses the jackal. The jackal misses you.
You tentacle-slap the jackal. Your grab misses the jackal.
The jackal bites you. x2
You take 6 damage, and have 26/33 hp.
You tentacle-slap the jackal. You grab the jackal. You squeeze the jackal.
You kill the jackal!
You tentacle-slap the endoplasm. You squeeze the endoplasm.
You kill the endoplasm!
No target in view!
Unknown command.
No target in view!
No target in view!
Sorry, you're not good enough to have a special ability.
You can't memorise that many levels of magic yet!
What are your orders? t - Shout!
Orders for allies: a - Attack new target. r - Retreat! s - Stop attacking. g - Guard the area. f - Follow me.
Anything else - Cancel.
Gang up on whom?
Okay, then.
Unknown command.
Unknown command.
Search for what [? for help]? altar Unknown command.
(D) Dungeon
Where to? (Enter - D:4, ? - help)
Okay, then.
Unknown command.
Things that are here:
a jackal corpse; a jackal corpse
Found a faintly glowing helmet.
Health restored: 33; MP restored: 8 You see here the +0 helmet of Aluuf {rF+ rN+ rCorr Dex-2}.
Things that are here:
a jackal corpse; a jackal corpse A gnoll comes into view.
It is wielding a +0 club.
A gnoll is nearby!
A gnoll comes into view. It is wielding a +0 whip.
What are your orders? t - Shout!
Orders for allies: a - Attack new target. r - Retreat! s - Stop attacking. g - Guard the area. f - Follow me.
Anything else - Cancel.
You shout for attention!
The gnoll shouts!
You hear a shout! x3
Things that are here:
a jackal corpse; a jackal corpse Your blood is infused with primal strength.
You now have 6/8 mp.
One of your tentacles grows a vicious spike.
Your +1 hat melds into your body.
You now have 5/8 mp.
A gnoll comes into view. It is wielding a +0 halberd.
You closely miss the gnoll. You grab the gnoll.
You pierce the gnoll, but do no damage.
You squeeze the gnoll. You constrict the gnoll.
The gnoll hits you with a +0 club!
You take 7 damage, and have 26/33 hp.
MASSIVE DAMAGE!!
You tentacle-slap the gnoll but do no damage.
You pierce the gnoll.
You constrict the gnoll. The gnoll hits you with a +0 club.
You take 6 damage, and have 20/33 hp.
You tentacle-slap the gnoll.
You feel a bit better.
You kill the gnoll!
You have reached level 6!
You regained 7 hp, and now have 27/38 hp.
You closely miss the gnoll. Your grab misses the gnoll.
You pierce the gnoll.
Your squeeze misses the gnoll. The gnoll hits you with a +0 whip!
You take 8 damage, and have 19/38 hp.
MASSIVE DAMAGE!!
You tentacle-slap the gnoll. You grab the gnoll.
You pierce the gnoll.
You squeeze the gnoll, but do no damage.
You constrict the gnoll.
The gnoll hits you from afar with a +0 halberd!
* * * LOW HITPOINT WARNING * * *
The gnoll hits you with a +0 whip!
* * * LOW HITPOINT WARNING * * *
You take 15 damage, and have 4/38 hp.
MASSIVE DAMAGE!!
Okay, then.
Unknown command.
Unknown command.
Unknown command.
It was a potion of attraction.
You feel attractive to monsters.
You howl as the wereblood boils in your veins!
You constrict the gnoll. The gnoll hits you with a +0 whip.
* * * LOW HITPOINT WARNING * * *
The gnoll hits you from afar with a +0 halberd!
You die...

#...............#
#######..####.##.##.#
##...###..####.##.##.###
#.....+.................
#.....#............>....
#.....#........)..).....
##....########..........
##....##....##..........
#...........@g..........
######..........##g...##...#
....##..........##....####+#
.................#.........#
....#########...##.........#
....# ######.......<..#
....# ..............# ....#
.....g........# ...[#
.(..............


You could see 2 gnolls.

Vanquished Creatures
  Blork the orc (D:4)
  An iguana (D:4)
  A gnoll (D:4)
  3 adders (D:2)
  A worm (D:2)
  2 dart slugs (D:1)
  8 ball pythons
  6 bats
  11 endoplasms
  A giant cockroach (D:2)
  9 goblins
  9 hobgoblins
  9 jackals
  9 kobolds
  4 quokkas
  2 frilled lizards (D:3)
  6 rats
83 creatures vanquished.

Notes
Turn   | Place    | Note
-------+----------+-------------------------------------------
     0 | D:1      | OTABOTABOTAB the Octopode Transmuter began the quest for
                  | the Orb.
     0 | D:1      | Reached XP level 1. HP: 13/13 MP: 3/3
    40 | D:1      | Reached XP level 2. HP: 16/18 MP: 5/5
    83 | D:1      | Reached skill level 1 in Poison Magic
   353 | D:1      | Reached XP level 3. HP: 23/23 MP: 4/6
   357 | D:1      | Learned a level 2 spell: Wereblood
   361 | D:1      | Learned a level 3 spell: Spider Form
   611 | D:2      | Reached skill level 2 in Poison Magic
   691 | D:2      | Found a faded altar of an unknown god.
   936 | D:2      | Reached XP level 4. HP: 28/28 MP: 5/7
  1116 | D:2      | Reached skill level 3 in Transmutations
  1801 | D:3      | Reached skill level 4 in Unarmed Combat
  1814 | D:3      | Found an iron altar of Okawaru.
  2026 | D:3      | Reached XP level 5. HP: 29/33 MP: 6/8
  2064 | D:3      | Reached skill level 3 in Poison Magic
  2590 | D:4      | Noticed Blork the orc
  2600 | D:4      | Killed Blork the orc
  2673 | D:4      | Identified the +0 helmet of Aluuf {rF+ rN+ rCorr Dex-2}
  2710 | D:4      | Reached XP level 6. HP: 27/38 MP: 5/9
  2711 | D:4      | HP: 4/38 [gnoll/+0 whip (7)]
  2712 | D:4      | Mangled by a gnoll

Illustrated notes

Levels and vault maps discovered:
D:1:      onia_arrival_handbag, layout_basic
D:2:      cheibrodos_greedy_goblins, layout_basic,
          ebering_ecumenical_altar_webs, grunt_ministairs_12,
          supply_closet_lemuel
D:3:      layout_loops_ring, old_standard_altar
D:4:      layout_gridville, tgw_trog, minmay_temple_entry_glass,
          uniq_blork_the_orc, uniq_edmund

Skill      XL: |  1  2  3  4  5 |
---------------+----------------+-----
Poison Magic   | 1 2 3 |  3.0
Transmutations | 3 |  3.8
Unarmed Combat | 4 |  4.4
Fighting       | |  1.4
Dodging        | |  2.3
Spellcasting   | |  2.0

Action                   |  1- 3 |  4- 6 || total
-------------------------+-------+-------++-------
Melee: Unarmed           |    78 |   117 ||   195
       Constrict         |    21 |    25 ||    46
       Tentacles         |     9 |    18 ||    27
       Punch             |     3 |     2 ||     5
       Kick              |    22 |    34 ||    56
Throw: Stone             |     9 |    19 ||    28
 Cast: Beastly Appendage |    19 |    26 ||    45
       Spider Form       |       |     2 ||     2
       Wereblood         |       |     1 ||     1
 Abil: End Transformatio |    14 |    19 ||    33
  Use: Potion            |       |     1 ||     1
 Stab: Sleeping          |     5 |     2 ||     7
Armor: Skin              |     6 |     4 ||    10
Dodge: Dodged            |    33 |    74 ||   107

Table legend: (Time is in decaauts)
 A = Elapsed time spent in this place.
 B = Non-inter-level travel time spent in this place.
 C = Inter-level travel time spent in this place.
 D = Time resting spent in this place.
 E = Time spent auto-exploring this place.
 F = Levels seen in this place.
 G = Mean time per level.
                   A        B        C        D        E       F      G
               +--------+--------+--------+--------+--------+-----+--------+
         Total |   2699 |   2626 |     73 |     55 |   1937 |   4 |  674.8 |
       Dungeon |   2699 |   2626 |     73 |     55 |   1937 |   4 |  674.8 |
               +--------+--------+--------+--------+--------+-----+--------+

Top non-repeatable levels by time:
     D:2: 1069 daAuts
     D:3: 855 daAuts
     D:1: 557 daAuts
     D:4: 217 daAuts

Table legend:
 A = Kills in this place as a percentage of kills in entire the game.
 B = Kills by you in this place as a percentage of kills by you in the entire game.
 C = Kills by friends in this place as a percentage of kills by friends in the entire game.
 D = Other kills in this place as a percentage of other kills in the entire game.
 E = Experience gained in this place as a percentage of experience gained in the entire game.
 F = Experience gained in this place divided by the number of levels of this place that you have seen.
                   A       B       C       D       E      F
               +-------+-------+-------+-------+-------+----------------------
         Total | 100.0 | 100.0 |   N/A |   N/A | 100.0 |  80.5
       Dungeon | 100.0 | 100.0 |   N/A |   N/A | 100.0 |  80.5
               +-------+-------+-------+-------+-------+----------------------
